AoeStats
← [TMG] sandriko

Coastal Forest

510368564Analyzed
4v4 RM · 3d ago on Sep 30, 2026· 58m 28s· 8 players
Game mode
Random Map
Map size
Large (8 player)
Population
200
Speed
Normal
Resources
Standard
Victory
Conquest
Starting age
Dark Age
Ending age
Imperial Age
RankedLock teamsTeams togetherTeam positionsShared explorationLock speedFull tech treeHidden civsTurbo modeCheats
Victory
Defeat
🇷🇺 Huns · Russia
1673
+16
🇦🇲 Byzantines · Armenia
1608
+19
🇷🇺 Mongols · Russia
1600
+19
🇷🇺 Persians · Russia
1591
+18
🇬🇪 Varangians · Georgia
1681
-19
🇬🇪 Spanish · Georgia
1669
-18
🇬🇪 Persians · Georgia
1669
-18
🇬🇪 Berbers · Georgia
1638
-17
SHell | FayLayt
7:17 Loom
9:45 Feudal Age
10:30 Double-Bit Axe
10:26 Horse Collar
12:44 Bloodlines
13:51 Scale Barding Armor
13:57 Forging
23:42 Castle Age
22:02 Gold Mining
23:54 Wheelbarrow
23:44 Light Cavalry
24:46 Chain Barding Armor
25:07 Gold Shaft Mining
24:52 Husbandry
35:31 Fletching
38:41 Imperial Age
36:48 Bodkin Arrow
39:45 Bracer
40:33 Ballistics
42:06 Chemistry
43:05 Bow Saw
43:50 Heavy Plow
46:42 Siege Engineers
47:46 Conscription
48:27 Elite Mangudai
50:06 Caravan
50:57 Fortified Wall
52:24 Thumb Ring
52:45 Parthian Tactics
52:21 Padded Archer Armor
53:23 Hand Cart
53:58 Coinage
59:16 Leather Archer Armor
SHell | ANDÃO
6:00 Loom
8:34 Feudal Age
9:22 Double-Bit Axe
15:59 Fletching
20:10 Wheelbarrow
19:54 Padded Archer Armor
25:56 Castle Age
24:44 Gold Mining
24:51 Horse Collar
25:59 Crossbowman
26:35 Bodkin Arrow
29:39 Bow Saw
30:02 Leather Archer Armor
30:18 Ballistics
30:39 Thumb Ring
39:44 Gold Shaft Mining
39:02 Stone Mining
39:33 Hand Cart
39:22 Heavy Plow
40:22 Treadmill Crane
43:21 Imperial Age
44:32 Stone Shaft Mining
43:25 Arbalester
44:06 Bracer
45:08 Chemistry
45:42 Ring Archer Armor
46:33 Two-Man Saw
49:20 Conscription
51:06 Hoardings
50:29 Murder Holes
56:25 Guilds
58:40 Scale Barding Armor
58:45 Forging
SHell | Gr8telle
5:43 Loom
8:39 Feudal Age
9:07 Double-Bit Axe
19:41 Bloodlines
24:06 Castle Age
23:06 Scale Barding Armor
24:29 Forging
24:47 Horse Collar
30:26 Husbandry
31:21 Wheelbarrow
31:44 Chain Barding Armor
34:40 Gold Mining
34:53 Heavy Plow
37:49 Iron Casting
38:03 Hand Cart
41:36 Imperial Age
40:03 Bow Saw
41:14 Cavalier
42:31 Plate Barding Armor
42:56 Blast Furnace
42:14 Fletching
43:15 Gold Shaft Mining
42:30 Stone Mining
43:10 Conscription
43:40 Savar
48:34 Crop Rotation
49:04 Two-Man Saw
50:57 Light Cavalry
51:35 Bodkin Arrow
53:07 Hussar
54:38 Caravan
SHell | Mr. NoName
3:39 Loom
11:07 Feudal Age
12:21 Double-Bit Axe
14:51 Castle Age
13:57 Fletching
16:19 Bodkin Arrow
16:45 Bow Saw
17:11 Loom
19:26 Horse Collar
21:46 Bloodlines
23:25 Ballistics
24:29 Husbandry
28:58 Padded Archer Armor
30:46 Wheelbarrow
38:05 Imperial Age
39:44 Hand Cart
41:00 Parthian Tactics
41:15 Bracer
41:51 Thumb Ring
42:28 Gold Mining
43:00 Heavy Cavalry Archer
45:01 Chemistry
44:59 Leather Archer Armor
46:45 Cavalier
46:48 Light Cavalry
47:43 Hussar
48:29 Scale Barding Armor
48:34 Forging
49:40 Heavy Plow
50:43 Conscription
51:43 Chain Barding Armor
51:58 Iron Casting
52:10 Masonry
52:42 Medium Warships
54:09 Heavy Warships
54:25 Plate Barding Armor
53:54 Town Watch
55:53 Caravan
[TMG] sandriko
8:27 Feudal Age
9:07 Double-Bit Axe
12:38 Loom
13:32 Bloodlines
14:50 Scale Barding Armor
17:25 Forging
25:19 Castle Age
26:27 Chain Barding Armor
26:42 Iron Casting
26:53 Bow Saw
26:24 Horse Collar
26:58 Husbandry
31:20 Fletching
31:27 Gold Mining
48:38 Imperial Age
49:20 Elite Jarl
52:19 Blast Furnace
56:51 Conscription
[TMG] Lucipher
5:53 Loom
8:39 Feudal Age
9:25 Double-Bit Axe
16:53 Fletching
21:25 Wheelbarrow
27:05 Castle Age
27:23 Stone Mining
27:47 Bodkin Arrow
28:33 Padded Archer Armor
28:52 Bow Saw
29:26 Town Watch
30:29 Leather Archer Armor
38:56 Horse Collar
41:14 Hand Cart
43:57 Bloodlines
43:47 Husbandry
43:50 Heavy Plow
[TMG] purple
12:11 Feudal Age
13:21 Loom
14:52 Forging
16:44 Castle Age
14:49 Gold Mining
14:46 Double-Bit Axe
14:44 Horse Collar
16:07 Scale Barding Armor
16:23 Bloodlines
17:59 Chain Barding Armor
28:04 Wheelbarrow
28:57 Gold Shaft Mining
30:56 Iron Casting
33:23 Heavy Plow
43:18 Imperial Age
41:14 Hand Cart
42:06 Stone Mining
43:35 Husbandry
43:24 Cavalier
44:50 Plate Barding Armor
45:16 Blast Furnace
44:49 Bow Saw
48:53 Fletching
49:04 Padded Archer Armor
49:28 Clinker Construction
49:39 Ballistics
50:19 Chemistry
50:06 Stone Shaft Mining
50:35 Crop Rotation
50:18 Bodkin Arrow
50:39 Leather Archer Armor
52:32 Bracer
53:04 Ring Archer Armor
53:24 Conscription
53:09 Kasbah
53:40 Thumb Ring
53:08 Elite Genitour
58:11 Heavy Camel Rider
[TMG] zv
10:52 Feudal Age
12:01 Double-Bit Axe
14:35 Castle Age
14:49 Fletching
14:50 Gold Mining
15:26 Bow Saw
15:53 Horse Collar
22:31 Medium Warships
22:42 Scale Barding Armor
24:31 Chain Barding Armor
24:22 Forging
24:06 Fishing Lines
24:57 Bloodlines
24:48 Husbandry
27:11 Iron Casting
28:15 Loom
34:27 Stone Mining
35:43 Wheelbarrow
41:56 Gold Shaft Mining
42:53 Hand Cart
45:48 Imperial Age
45:54 Elite War Elephant
47:02 Conscription
47:19 Plate Barding Armor
46:43 Cavalier
53:56 Heavy Camel Rider
56:19 Pikeman
57:00 Squires
56:45 Gambesons
Connection lost

Rejoining the realm…

Still unreachable

The connection could not be restored.

Session expired

The server has moved on; the page needs a fresh start.